 Dungeon Crawl Stone Soup version 0.21-a0-400-g417d9d2 (webtiles) character file.

506 Coron the Covered (level 6, 0/52 HPs)
             Began as a Deep Dwarf Gladiator on Oct 21, 2017.
             Was an Initiate of Trog.
             Slain by a phantom (4 damage)
             ... on level 4 of the Dungeon.
             The game lasted 00:11:25 (2734 turns).

Coron the Covered (Deep Dwarf Gladiator)            Turns: 2734, Time: 00:11:25

Health: 0/52       AC: 14    Str: 20    XL:     6   Next: 97%
Magic:  6/6        EV:  9    Int:  8    God:    Trog [......]
Gold:   257        SH:  0    Dex: 14    Spells: 5/5 levels left

rFire    . . .     SeeInvis .   a - +0 war axe
rCold    . . .     Gourm    .   (no shield)
rNeg     . . .     Faith    .   r - +0 chain mail (curse)
rPois    .         Spirit   .   c - +0 helmet
rElec    .         Reflect  .   n - +1 cloak
rCorr    .         Harm     .   (no gloves)
MR       .....                  (no boots)
Stlth    ..........             (no amulet)
HPRegen  0.00/turn              (no ring)
MPRegen  0.10/turn              (no ring)

@: non-regenerating
A: damage resistance, heal wounds, sense surroundings 1, no regeneration
a: Heal Wounds, Burn Spellbooks, Renounce Religion


You were on level 4 of the Dungeon.
You worshipped Trog.
Trog was noncommittal.
You were not hungry.

You visited 2 branches of the dungeon, and saw 5 of its levels.

You collected 257 gold pieces.

Inventory:

Hand Weapons
 a - a +0 war axe (weapon)
Missiles
 d - 3 throwing nets (quivered)
Armour
 b - a +0 leather armour
 c - a +0 helmet (worn)
 n - a +1 cloak (worn)
 o - a +0 ring mail
 r - a cursed +0 chain mail (worn)
Jewellery
 y - an uncursed amulet of guardian spirit
Scrolls
 e - 5 scrolls of teleportation
 i - a scroll of fog
 m - 2 scrolls of identify
 s - a scroll of random uselessness {unknown}
 u - a scroll of magic mapping {unknown}
Potions
 h - 2 potions of curing
 k - a potion of lignification {unknown}
 l - 2 potions of agility
 p - a potion of brilliance {unknown}
 q - a potion of heal wounds {unknown}
 x - a potion of flight {unknown}
Comestibles
 f - 3 bread rations
 j - 7 fruits
 t - 4 meat rations
 v - a royal jelly
 w - 3 chunks of flesh


   Skills:
 - Level 2.2 Fighting
 - Level 3.3 Axes
 - Level 2.2 Throwing
 + Level 7.4 Armour
 - Level 3.3 Dodging


You had 5 spell levels left.
You didn't know any spells.

Dungeon Overview and Level Annotations

Branches:
Dungeon (4/15)             Temple (1/1) D:4

Altars:
Ashenzari
Cheibriados
Dithmenos
Elyvilon
Fedhas
Gozag
Hepliaklqana
Kikubaaqudgha
Makhleb
Nemelex Xobeh
Qazlal
Ru
Sif Muna
Trog
Uskayaw
Vehumet
Wu Jian
Xom
Yredelemnul
Zin
The Shining One


Innate Abilities, Weirdness & Mutations

You are resistant to damage.
You can heal yourself by infusing magical energy.
You passively map a small area around you.
You do not regenerate.


Message History

Found a spear.
A phantom comes into view.
The phantom blinks!
A phantom is nearby!
The phantom blinks!
You barely miss the phantom. The phantom hits you.
* * * LOW HITPOINT WARNING * * *
You slash the phantom!
The phantom is moderately damaged.
The phantom blinks!
You hit the phantom.
The phantom is heavily damaged.
The phantom barely misses you.
You hit the phantom.
The phantom is severely damaged.
The phantom barely misses you.
You miss the phantom.
The phantom is severely damaged.
The phantom hits you.
You die...

* * ** #. * ###########.
####.##, .......##...
,...... ............. *
....###............
#####.#...............#
#........#.........!...
#.....W........##......
#.....@......#.##...#..
#...)...#..#.....##....
#................####..
....######..###......#..
.## * ##..# ##....<#..
.###...####.....#.. * ,
.................#.. *
###.................
#....##..........#


You could see a phantom.

Vanquished Creatures
  An ogre (D:4)
  The ghost of slep the Skirmisher, an amateur DsWn (D:3)
  A scorpion (D:4)
  An orc priest (D:3)
  An orc wizard (D:3)
  A bullfrog skeleton (D:4)
  3 iguanas (D:4)
  A worker ant (D:3)
  2 adders
  3 worms
  4 leopard geckos
  5 orcs
  7 giant cockroaches
  10 goblins
  8 hobgoblins
  3 jackals (D:3)
  3 kobolds
  2 quokkas (D:2)
  A ball python (D:2)
  4 bats
  4 frilled lizards
  6 rats
72 creatures vanquished.

Notes
Turn   | Place    | Note
-------+----------+-------------------------------------------
     0 | D:1      | Coron the Deep Dwarf Gladiator began the quest for the Orb.
     0 | D:1      | Reached XP level 1. HP: 19/19 MP: 1/1
   154 | D:1      | Reached XP level 2. HP: 26/26 MP: 2/2
   548 | D:1      | Reached skill level 1 in Armour
   727 | D:2      | Reached XP level 3. HP: 23/32 MP: 3/3
   786 | D:2      | Reached skill level 2 in Armour
  1072 | D:2      | Reached skill level 3 in Armour
  1248 | D:3      | Reached XP level 4. HP: 16/39 MP: 4/4
  1351 | D:3      | Found an opulent altar of Gozag.
  1592 | D:3      | Noticed slep's ghost (amateur DsWn)
  1697 | D:3      | Reached skill level 4 in Armour
  1701 | D:3      | Reached XP level 5. HP: 13/45 MP: 5/5
  1708 | D:3      | Killed slep's ghost
  1708 | D:3      | Reached skill level 5 in Armour
  2148 | D:4      | Reached XP level 6. HP: 37/52 MP: 6/6
  2151 | D:4      | Reached skill level 6 in Armour
  2219 | D:4      | Found a staircase to the Ecumenical Temple.
  2246 | Temple   | Entered the Ecumenical Temple
  2580 | Temple   | Became a worshipper of Trog the Wrathful
  2672 | D:4      | Reached skill level 7 in Armour
  2734 | D:4      | Slain by a phantom

Vault maps used:
D:1:      mushboom_english_gardens
D:3:      minmay_liquid_box, nicolae_gozag_seed_capital
D:4:      kennysheep_the_goblin_king, minmay_temple_entry_large_hall,
          lemuel_tele_altar
Temple:   roderic_octagonal_lattice_temple

Skill      XL: |  1  2  3  4  5  6 |
---------------+-------------------+-----
Fighting       | 2 |  2.2
Throwing       | 2 |  2.2
Armour         | 1 3 4 5 7 |  7.4
Axes           | |  3.3
Dodging        | |  3.3

Action                   |  1- 3 |  4- 6 || total
-------------------------+-------+-------++-------
Melee: War axe           |   135 |   113 ||   248
 Abil: Heal Wounds       |       |     3 ||     3
  Use: Scroll            |     4 |     4 ||     8
       Potion            |       |     1 ||     1
 Stab: Sleeping          |     1 |       ||     1
  Eat: Chunk             |     1 |     5 ||     6
Armor: Leather armour    |    31 |       ||    31
       Ring mail         |    14 |    45 ||    59
       Chain mail        |       |     4 ||     4
Dodge: Dodged            |   111 |    79 ||   190

Table legend:
 A = Spawn XP
 B = Non-spawn XP
 C = Spawn XP percentage of total XP
 D = Spawn monster count
 E = Non-spawn monster count
 F = Spawn count percentage of total count
 G = Total turns spent on level
                    A         B        C        D         E        F      G
               +---------+---------+-------+---------+---------+-------+---------
         Total |       0 |     723 |   0.0 |       0 |      72 |   0.0 |  2734
               +---------+---------+-------+---------+---------+-------+---------
           D:1 |       0 |      31 |   0.0 |       0 |      16 |   0.0 |   675
           D:2 |       0 |      62 |   0.0 |       0 |      26 |   0.0 |   525
           D:3 |       0 |     260 |   0.0 |       0 |      17 |   0.0 |   930
           D:4 |       0 |     370 |   0.0 |       0 |      13 |   0.0 |   245
               +---------+---------+-------+---------+---------+-------+---------
